 Dungeon Crawl Stone Soup version 0.29.1-13-g9f3cf754e1 (webtiles) character file.

Game seed: 17148590041973359481

2054 croobank the Changer (level 9, -7/60 HPs)
             Began as an Octopode Transmuter on Feb 5, 2023.
             Was a Follower of Jiyva.
             Mangled by an ice beast (13 damage)
             ... on level 6 of the Dungeon.
             The game lasted 00:18:27 (6774 turns).

croobank the Changer (Octopode Transmuter)          Turns: 6774, Time: 00:18:28

Health: -7/60      AC:  1    Str: 10    XL:     9   Next: 25%
Magic:  16/16      EV: 14    Int: 19    God:    Jiyva [*.....]
Gold:   301        SH:  0    Dex: 12    Spells: 10/17 levels left

rFire   . . .      SeeInvis +   a - +5 dagger (elec)
rCold   . . .      Faith    .   (no shield)
rNeg    . . .      Spirit   .   (helmet currently unavailable)
rPois   .          Reflect  .   m - amulet of the acrobat
rElec   .          Harm     .   n - ring of see invisible
rCorr   .          Rampage  .   (no ring)
Will    .....                   (no ring)
Stlth   ++........              (no ring)
HPRegen 1.00/turn               (no ring)
MPRegen 0.40/turn               (no ring)
                                (no ring)
                                (no ring)

@: appendages (expiring), wereblooded
A: tentacle spike 3, almost no armour, amphibious, 8 rings, camouflage 1,
gelatinous body 1, (nimble swimmer 1), tentacles
a: End Transformation, Renounce Religion


You were on level 6 of the Dungeon.
You worshipped Jiyva.
Jiyva was aware of your devotion.
One of your tentacles had grown a beastly spike.
You visited 1 branch of the dungeon, and saw 6 of its levels.
You also visited: Sewer.

You collected 301 gold pieces.

Inventory:

Hand Weapons
 a - a +5 dagger of electrocution (weapon)
 b - a +0 shortbow of flaming
 j - a +3 hammer
 p - a +0 dagger of holy wrath
 q - a +3 hammer of protection
 r - a +1 antimagic hammer
 s - a +0 morningstar
 w - a +0 trident
 y - a +3 flail
 A - a +0 falchion of holy wrath
 C - a +0 war axe
 I - a +2 whip of freezing
Missiles
 F - a boomerang
Armour
 f - an orb of energy
Jewellery
 m - an amulet of the acrobat (around mantle)
 n - a ring of see invisible (left tentacle)
Wands
 D - a wand of quicksilver (9)
Scrolls
 c - a scroll of fear
 d - 2 scrolls of teleportation
 h - 3 scrolls of identify {unknown}
 o - a scroll of poison
 x - 2 scrolls of enchant armour {unknown}
 z - a scroll of fog
Potions
 e - a potion of lignification
 g - 4 potions of curing
 k - a potion of degeneration {unknown}
 l - 2 potions of magic {unknown}
 t - a potion of mutation {unknown}
 u - a potion of ambrosia {unknown}
 v - a potion of flight {unknown}
 B - a potion of resistance {unknown}
 E - a potion of haste {unknown}
 G - a potion of cancellation {unknown}


   Skills:
 + Level 4.9 Fighting
 + Level 4.5 Short Blades
 - Level 0.8 Maces & Flails
 + Level 5.2 Dodging
 - Level 3.0 Unarmed Combat
 + Level 4.8 Spellcasting
 + Level 5.3 Transmutations
 + Level 4.0 Ice Magic


You had 10 spell levels left.
You knew the following spells:

 Your Spells              Type           Power      Damage    Failure   Level
a - Beastly Appendage     Tmut           48%        N/A       1%          1
b - Wereblood             Tmut           24%        N/A       2%          2
c - Ice Form              Ice/Tmut       22%        N/A       19%         4

Your spell library contained the following spells:

 Spells                   Type           Power      Damage    Failure   Level
 Spider Form              Tmut/Pois      14%        N/A       13%         3
 Sublimation of Blood     Necr           4%         N/A       19%         2
 Dazzling Flash           Conj/Hex       8%         N/A       36%         3
 Inner Flame              Hex/Fire       4%         N/A       36%         3
 Cause Fear               Hex            2%         N/A       77%         4
 Iskenderun's Mystic Bla  Conj/Tloc      4%         2d3       77%         4
 Olgreb's Toxic Radiance  Pois           4%         N/A       77%         4
 Agony                    Necr           4%         N/A       98%         5
 Silence                  Hex/Air        2%         N/A       98%         5
 Summon Forest            Summ/Tloc      2%         N/A       98%         5
 Malign Gateway           Summ/Tloc      2%         N/A       100%        7
 Summon Hydra             Summ           2%         N/A       100%        7
 Discord                  Hex            2%         N/A       100%        8


Dungeon Overview and Level Annotations

Branches:
Dungeon (6/15)              Sewer (visited)
 Temple: D:4-7

Altars:
Cheibriados
Makhleb

Annotations:
D:6 1 runed translucent door, PrincessofGymnastics's ghost, novice HuGl


Innate Abilities, Weirdness & Mutations

One of your tentacles has grown a beastly spike.
You cannot wear most types of armour.
You are amphibious.
You can wear up to eight rings at the same time.
Your skin changes colour to match your surroundings (Stealth+).
Your rubbery body absorbs attacks. (AC +1, EV +1)
((You are camouflaged when in or above water. (Stealth+)))
You have tentacles for arms and can constrict up to eight enemies at once.


Message History

The gargoyle hurls a stone arrow at you.
The stone arrow hits you!!
* * * LOW HITPOINT WARNING * * *
The ice beast barely misses you.
You feel much better.
You constrict the gargoyle. The ice beast barely misses you.
The gargoyle hits you with a +0 mace.
You hit the gargoyle.
You squeeze the gargoyle, but do no damage.
The gargoyle is moderately damaged.
You constrict the gargoyle, but do no damage.
You hit the gargoyle.
You pierce the gargoyle, but do no damage.
Your squeeze misses the gargoyle.
The gargoyle is moderately damaged.
Your transformation is almost over.
You constrict the gargoyle, but do no damage.
The iguana hisses angrily.
The ice beast hits you. The ice beast freezes you!
* * * LOW HITPOINT WARNING * * *
The gargoyle closely misses you.
You feel much better.
You constrict the gargoyle. The ice beast barely misses you.
The gargoyle hurls a stone arrow at you.
The stone arrow misses you.
You hit the gargoyle but do no damage.
You squeeze the gargoyle, but do no damage.
The gargoyle is moderately damaged.
You constrict the gargoyle. The ice beast misses you.
The gargoyle hurls a stone arrow at you.
The stone arrow hits you!!
Ouch! That really hurt!
* * * LOW HITPOINT WARNING * * *
You hit the gargoyle but do no damage.
You squeeze the gargoyle, but do no damage.
The gargoyle is heavily damaged.
You constrict the gargoyle, but do no damage.
The ice beast hits you.
* * * LOW HITPOINT WARNING * * *
The ice beast freezes you!
You die...

##...<.......#
.............
#.............
#..........$?..
#.......l....<
#.............
#..Y9.........
#...@.........
##..........#
##.......##
###....###..
##........
##...######
#...## ##..##
.. ###....##
#.#


You could see a gargoyle, an ice beast and an iguana.

Vanquished Creatures
  Pikel (D:6)
  A water moccasin (D:4)
  Duvessa (D:4)
  An orc warrior (D:6)
  2 black bears
  A centaur (D:6)
  4 lemures (D:6)
  2 scorpions
  Dowan (D:4)
  2 howler monkeys
  5 jellies
  3 hounds
  3 orc priests
  Crazy Yiuf (D:2)
  Terence (D:2)
  Jessica (D:2)
  3 iguanas
  2 orc wizards (D:5)
  4 gnolls
  7 adders
  3 river rats
  3 worms
  2 dart slugs
  11 orcs
  5 bats
  15 endoplasms
  9 giant cockroaches
  5 hobgoblins
  5 jackals
  7 kobolds
  6 quokkas
  11 ball pythons
  5 frilled lizards
  9 goblins
  6 rats
148 creatures vanquished.

Vanquished Creatures (others)
  A jelly (D:6)
  An orc priest (D:6)
  2 orcs (D:6)
  A fungus (D:2)
5 creatures vanquished.

Grand Total: 153 creatures vanquished

Notes
Turn   | Place    | Note
-------+----------+-------------------------------------------
     0 | D:1      | croobank the Octopode Transmuter began the quest for the
                  | Orb.
     0 | D:1      | Reached XP level 1. HP: 13/13 MP: 3/3
   110 | D:1      | Reached XP level 2. HP: 7/18 MP: 5/5
   289 | D:1      | Learned a level 2 spell: Wereblood
   673 | D:1      | Reached XP level 3. HP: 23/23 MP: 2/6
  1024 | D:2      | Noticed Jessica
  1029 | D:2      | Killed Jessica
  1030 | D:2      | Reached skill level 1 in Short Blades
  1030 | D:2      | Reached XP level 4. HP: 25/29 MP: 4/7
  1244 | D:2      | Found a runed translucent door.
  1245 | D:2      | Noticed Crazy Yiuf
  1255 | D:2      | Killed Crazy Yiuf
  1506 | D:2      | Identified the +3 scale mail of Mezcal {rF- rC+ Int+3
                  | Stlth+}
  1534 | D:2      | Noticed Terence
  1546 | D:2      | Killed Terence
  1547 | D:2      | Reached XP level 5. HP: 34/34 MP: 5/9
  1789 | D:2      | Found a faded altar of an unknown god.
  2739 | D:3      | Reached XP level 6. HP: 39/41 MP: 10/10
  3060 | D:3      | Learned a level 4 spell: Ice Form
  3217 | D:4      | Noticed Duvessa
  3217 | D:4      | Noticed Dowan
  3217 | D:4      | Noticed a black bear
  3224 | D:4      | Killed Duvessa
  3225 | D:4      | Reached skill level 1 in Ice Magic
  3233 | D:4      | Killed a black bear
  3234 | D:4      | Reached XP level 7. HP: 31/46 MP: 8/12
  3240 | D:4      | Killed Dowan
  3988 | D:5      | Entered Level 5 of the Dungeon
  4476 | D:5      | Found a snail-covered altar of Cheibriados.
  4485 | D:5      | Got the Essays on Rank Orientation
  4593 | D:5      | Reached XP level 8. HP: 54/54 MP: 10/13
  4645 | D:5      | Found a glowing drain.
  4653 | Sewer    | Entered a sewer
  5122 | Sewer    | Found a viscous altar of Jiyva.
  5132 | Sewer    | Became a worshipper of Jiyva Josir the Shapeless
  5667 | D:5      | Found a burning altar of Makhleb.
  6395 | D:5      | Reached * piety under Jiyva
  6546 | D:6      | Noticed Pikel
  6580 | D:6      | Killed Pikel
  6581 | D:6      | Reached skill level 5 in Dodging
  6581 | D:6      | Reached skill level 5 in Transmutations
  6581 | D:6      | Reached XP level 9. HP: 43/60 MP: 14/16
  6653 | D:6      | Found a runed translucent door.
  6656 | D:6      | Noticed PrincessofGymnastics's ghost (novice HuGl)
  6754 | D:6      | Noticed a gargoyle
  6774 | D:6      | Mangled by an ice beast

Illustrated notes

Levels and vault maps discovered:
D:1:      mrwooster_arrival_statue_2, layout_loops_cross, serial_glass,
          glass_columns_a, glass_columns_a, amethyst_killhole, st_stairs_5
D:2:      layout_loops_ring, shapermc_ecumenical_altar_mp_highgroup,
          serial_bayou_crossing, uniq_terence, uniq_jessica,
          uniq_crazy_yiuf_cottage
D:3:      layout_loops_ring, nicolae_elevator_lobby_plus
D:4:      layout_loops_ring, hangedman_minor_gate_pass, uniq_duvessa
D:5:      layout_gridville, makhleb_blood_cavern_becter, cheibriados_altar_1,
          gup_sewer_entry_bubbles, serial_co_window_serial, co_window_corner_a,
          co_window_corner_a, co_window_paths_a, co_window_paths_a,
          co_window_corner_a, co_window_broadway_a, co_window_corner_cb,
          co_window_corner_b, co_window_of_opportunity_c, co_window_cross_3,
          co_window_corner_b, co_window_paths_e, glass_columns_b
D:6:      layout_cave_pods, ebering_ghost_reflecting_pool, serial_rivers,
          chequers_serial_rivers_small_a, chequers_serial_rivers_small_3,
          chequers_serial_rivers_small_3, chequers_serial_rivers_room_a,
          uniq_pikel

Skill      XL: |  1  2  3  4  5  6  7  8  9 |
---------------+----------------------------+-----
Short Blades   | 1 2 3 4 |  4.5
Fighting       | 2 3 4 |  4.9
Dodging        | 3 4 5 |  5.2
Transmutations | 3 4 5 |  5.3
Spellcasting   | 3 4 |  4.8
Ice Magic      | 1 2 3 4 |  4.0
Maces & Flails | |  0.8
Unarmed Combat | |  3.0

Action                   |  1- 3 |  4- 6 |  7- 9 || total
-------------------------+-------+-------+-------++-------
Melee: Dagger            |    44 |    33 |   183 ||   260
       Tentacles         |    12 |    15 |    48 ||    75
       Unarmed           |     4 |       |       ||     4
       Constrict         |    19 |    15 |    44 ||    78
       Kick              |    12 |    14 |    54 ||    80
       Punch             |     4 |     2 |     9 ||    15
       Mace              |       |    32 |       ||    32
 Cast: Beastly Appendage |    12 |    18 |    28 ||    58
       Wereblood         |     9 |    18 |    25 ||    52
  Use: Potion            |       |     1 |     9 ||    10
       Scroll            |       |     7 |     2 ||     9
 Stab: Sleeping          |     1 |     3 |     3 ||     7
Armor: Skin              |     6 |     5 |     5 ||    16
Dodge: Dodged            |    21 |    45 |   132 ||   198
